 Dungeon Crawl Stone Soup version 0.28-a0-1227-ga9037bb4c8 (webtiles) character file.

Game seed: 2568145650353296826

253 ytrimaz the Insei (level 6, -8/42 HPs)
             Began as an Octopode Transmuter on Dec 22, 2021.
             Killed by divine providence
             ... invoked by an orc priest
              (13 damage)
             ... on level 4 of the Dungeon.
             The game lasted 00:03:45 (3966 turns).

ytrimaz the Insei (Octopode Transmuter)             Turns: 3966, Time: 00:03:46

Health: -8/42      AC:  2    Str: 17    XL:     6   Next: 14%
Magic:  4/11       EV: 20    Int: 17    God:
Gold:   134        SH:  0    Dex: 18    Spells: 1/11 levels left

rFire   . . .      SeeInvis .     - Unarmed
rCold   . . .      Faith    .   (shield currently unavailable)
rNeg    . . .      Spirit   .   (helmet currently unavailable)
rPois   x          Reflect  .   (no amulet)
rElec   .          Harm     .   c - +6 ring of strength
rCorr   .          Rampage  .   (no ring)
Will    .....      Clarity  +   (no ring)
Stlth   ++........              (no ring)
HPRegen 0.14/turn               (no ring)
MPRegen 0.12/turn               (no ring)
                                (no ring)
                                (no ring)

@: spider-form, wereblooded, very slightly contaminated
A: venomous fangs, almost no armour, (amphibious), 8 rings, tiny, (camouflage
1), (gelatinous body 1), (nimble swimmer 1), (tentacles), clarity, sense
surroundings 1, robust 1, strong 1
a: End Transformation


You were on level 4 of the Dungeon.
You were a venomous arachnid creature.
You visited 1 branch of the dungeon, and saw 4 of its levels.

You collected 134 gold pieces.

Inventory:

Missiles
 h - a throwing net
Armour
 a - a +2 hat (melded)
Jewellery
 c - a +6 ring of strength (left front leg)
Wands
 f - a wand of acid (13)
Potions
 b - a potion of heal wounds
 d - a potion of brilliance
 e - 4 potions of curing


   Skills:
 * Level 1.9 Fighting
 * Level 2.7 Dodging
 + Level 3.8 Unarmed Combat
 * Level 3.3 Spellcasting
 * Level 3.5 Transmutations
 * Level 2.0 Poison Magic


You had one spell level left.
You knew the following spells:

 Your Spells              Type           Power      Damage    Failure   Level
a - Beastly Appendage     Tmut           28%        N/A       13%         1
b - Wereblood             Tmut           14%        N/A       17%         2
c - Spider Form           Tmut/Pois      12%        N/A       34%         3
d - Ice Form              Ice/Tmut       8%         N/A       82%         4

Your spell library contained the following spells:

 Spells                   Type           Power      Damage    Failure   Level
 Call Canine Familiar     Summ           2%         N/A       67%         3
 Portal Projectile        Hex/Tloc       4%         N/A       67%         3
 Leda's Liquefaction      Hex/Erth       1%         N/A       95%         4


Dungeon Overview and Level Annotations

Branches:
Dungeon (4/15)
 Temple: D:4-7

Altars:
Fedhas
Kikubaaqudgha


Innate Abilities, Weirdness & Mutations

You are a venomous arachnid creature.
You have poisonous fangs.
You are tiny and dextrous.
Your spellcasting is less reliable in this form.
Your armour is entirely melded.
You are incapable of wielding weapons or throwing items.
You cannot wear most types of armour.
((You are amphibious.))
You can wear up to eight rings at the same time.
((Your skin changes colour to match your surroundings (Stealth+).))
((Your rubbery body absorbs attacks. (AC +1, EV +1)))
((You are camouflaged when in or above water. (Stealth+)))
((You have tentacles for arms and can constrict up to eight enemies at once.))
You possess an exceptional clarity of mind.
You passively map a small area around you.
You are robust. (+10% HP)
Your muscles are strong. (Str +2)


Message History

Magic restored.
You start resting.
HP restored.
Casting: Spider Form (dangerous; 16% risk of failure)
Confirm with . or Enter, or press ? or * to list all spells.
One of your tentacles grows a vicious spike.
Your +2 hat melds into your body.
Casting: Beastly Appendage (safe; 4% risk of failure)
Confirm with . or Enter, or press ? or * to list all spells.
Your tentacle spike disappears.
Your +2 hat unmelds from your body.
You turn into a venomous arachnid creature.
Your +2 hat melds into your body.
Casting: Spider Form (quite dangerous; 34% risk of failure)
Confirm with . or Enter, or press ? or * to list all spells.
You miscast Wereblood.
You are very lightly contaminated with residual magic.
Nothing appears to happen.
Unknown command.
Casting: Wereblood (safe; 17% risk of failure)
Confirm with . or Enter, or press ? or * to list all spells.
Your blood is infused with primal strength.
Unknown command.
You can't go up here!
You climb downwards.
The orc closely misses you. The orc misses you.
There is a stone staircase leading up here.
Unknown command.
You hit the orc but do no damage.
The orc is poisoned.
The orc priest zaps a wand.
Your mind is blasted!
The orc hits you with a +0 club.
You are too injured to fight recklessly!
You are too injured to fight recklessly!
The orc priest mumbles some strange prayers to Beogh against you.
Beogh smites you!
* * * LOW HITPOINT WARNING * * *
The orc hits you but does no damage.
Unknown command.
The orc priest invokes the aid of Beogh against you.
Beogh smites you!
You die...

...###...#... ,
)>.......####..
..###.....# *
## , , *
#.##..# , *
#.....#####.. *
,####.........
..#....####.*
#.#.o..# *,
#.#s...# * *
#...#o##
#..)#o# ,
#...#g# *
#.###.## *
#.###..# *
#....#.# * , *
, ####.#)## ,*
* #.#..# ,


You could see an orc priest and an orc (very poisoned).

Vanquished Creatures
  Natasha (thrice) (D:2)
  2 adders (D:3)
  9 gnolls
  2 worms (D:3)
  3 dart slugs
  2 orcs (D:3)
  6 ball pythons
  3 bats
  5 endoplasms
  7 giant cockroaches
  2 hobgoblins (D:1)
  10 kobolds
  A quokka (D:2)
  3 frilled lizards (D:2)
  4 goblins
  7 rats
69 creatures vanquished.

Notes
Turn   | Place    | Note
-------+----------+-------------------------------------------
     0 | D:1      | ytrimaz the Octopode Transmuter began the quest for the
                  | Orb.
     0 | D:1      | Reached XP level 1. HP: 13/13 MP: 3/3
    97 | D:1      | Reached XP level 2. HP: 13/18 MP: 3/5
   407 | D:1      | Found a faded altar of an unknown god.
   579 | D:1      | Learned a level 2 spell: Wereblood
  1101 | D:1      | Reached XP level 3. HP: 23/23 MP: 4/6
  1105 | D:1      | Learned a level 3 spell: Spider Form
  1646 | D:2      | Noticed Natasha
  1654 | D:2      | Gained mutation: Your muscles are strong. (Str +2) [potion
                  | of mutation]
  1654 | D:2      | Gained mutation: You passively map a small area around you.
                  | [potion of mutation]
  1654 | D:2      | Gained mutation: You are robust. (+10% HP) [potion of
                  | mutation]
  1654 | D:2      | Gained mutation: You possess an exceptional clarity of
                  | mind. [potion of mutation]
  1656 | D:2      | Killed Natasha
  1657 | D:2      | Reached XP level 4. HP: 8/30 MP: 5/8
  2017 | D:2      | Reached skill level 1 in Poison Magic
  2083 | D:2      | Noticed Natasha
  2090 | D:2      | Killed Natasha
  2162 | D:2      | Found a blossoming altar of Fedhas.
  2426 | D:2      | Noticed Natasha
  2433 | D:2      | Killed Natasha
  2434 | D:2      | Reached XP level 5. HP: 25/37 MP: 5/9
  2842 | D:3      | Found an ancient bone altar of Kikubaaqudgha.
  2981 | D:3      | Learned a level 4 spell: Ice Form
  3451 | D:3      | Reached XP level 6. HP: 15/42 MP: 6/10
  3966 | D:4      | Killed from afar by an orc priest

Illustrated notes

Levels and vault maps discovered:
D:1:      minmay_arrival_up_and_down, layout_basic, basic_ecumenical_altar
D:2:      layout_basic, basic_altar, uniq_natasha
D:3:      layout_loops_ring, mainiacjoe_overflow_six_doors_small,
          nicolae_overflow_hidden_temple, st_stairs_11,
          minmay_misc_feat_four_crosses, minivault_19
D:4:      layout_basic, nemelex_xobeh_ov_fountains_minmay,
          lemuel_temple_firewalk_b

Skill      XL: |  1  2  3  4  5  6 |
---------------+-------------------+-----
Poison Magic   | 1 2 |  2.0
Spellcasting   | 3 |  3.3
Transmutations | 3 |  3.5
Fighting       | |  1.9
Dodging        | |  2.7
Unarmed Combat | |  3.8

Action                   |  1- 3 |  4- 6 || total
-------------------------+-------+-------++-------
Melee: Unarmed           |    58 |    88 ||   146
       Kick              |    11 |     8 ||    19
       Constrict         |    15 |    22 ||    37
       Punch             |     3 |     2 ||     5
       Tentacles         |     6 |    11 ||    17
 Cast: Beastly Appendage |    17 |    16 ||    33
       Wereblood         |     1 |     3 ||     4
       Spider Form       |       |     6 ||     6
  Use: Potion            |     2 |     1 ||     3
       Scroll            |       |     4 ||     4
 Stab: Sleeping          |     3 |    10 ||    13
Armor: Skin              |     3 |    10 ||    13
Dodge: Dodged            |    28 |    64 ||    92

Table legend: (Time is in decaauts)
 A = Elapsed time spent in this place.
 B = Non-inter-level travel time spent in this place.
 C = Inter-level travel time spent in this place.
 D = Time resting spent in this place.
 E = Time spent auto-exploring this place.
 F = Levels seen in this place.
 G = Mean time per level.
                   A        B        C        D        E       F      G
               +--------+--------+--------+--------+--------+-----+--------+
         Total |   3968 |   3898 |     70 |    370 |   2926 |   4 |  992.0 |
       Dungeon |   3968 |   3898 |     70 |    370 |   2926 |   4 |  992.0 |
               +--------+--------+--------+--------+--------+-----+--------+

Top non-repeatable levels by time:
     D:2: 1398 daAuts
     D:1: 1277 daAuts
     D:3: 1205 daAuts
     D:4: 87 daAuts
